 Dungeon Crawl Stone Soup version 0.28-a0-1038-g9c4cb8273d (webtiles) character file.

Game seed: 8748908740401160081

426 Strat the Cutter (level 6, 0/57 HPs)
             Began as a Naga Hunter on Dec 8, 2021.
             Succumbed to a water moccasin's poison
             ... on level 3 of the Dungeon.
             The game lasted 00:05:22 (3793 turns).

Strat the Cutter (Naga Hunter)                      Turns: 3793, Time: 00:05:23

Health: 0/57       AC:  6    Str: 16    XL:     6   Next: 97%
Magic:  6/6        EV:  8    Int: 12    God:
Gold:   82         SH:  0    Dex: 11    Spells: 5/5 levels left

rFire   . . .      SeeInvis +   b - +0 dagger (elec)
rCold   . . .      Faith    .   (no shield)
rNeg    . . .      Spirit   .   k - +0 ring mail
rPois   +          Reflect  .   p - +0 helmet
rElec   .          Harm     .   (no cloak)
rCorr   .          Rampage  .   e - +0 pair of gloves
Will    .....                   (no barding)
Stlth   +.........              (no amulet)
HPRegen 0.19/turn               (no ring)
MPRegen 0.10/turn               (no ring)

@: lethally poisoned (0 -> -13), very slow
A: AC +2, large, see invisible, deformed body, poison resistance, slowness 2,
spit poison 1, naga tail 1
a: Spit Poison


You were on level 3 of the Dungeon.
You visited 1 branch of the dungeon, and saw 4 of its levels.

You collected 82 gold pieces.

Inventory:

Hand Weapons
 a - a +1 hunting sling
 b - a +0 dagger of electrocution (weapon)
 o - a +0 short sword
Missiles
 d - 19 sling bullets
 h - 7 stones (quivered)
 i - a throwing net
Armour
 c - a +0 leather armour
 e - a +0 pair of gloves (worn)
 k - a +0 ring mail (worn)
 p - a +0 helmet (worn)
Scrolls
 f - 2 scrolls of identify {unknown}
 j - a scroll of magic mapping {unknown}
 l - a scroll of enchant armour {unknown}
 n - 2 scrolls of enchant weapon {unknown}
 q - 2 scrolls of fear {unknown}
Potions
 g - 2 potions of haste
 m - a potion of flight {unknown}
 r - a potion of ambrosia {unknown}
 s - a potion of magic {unknown}
 t - a potion of heal wounds {unknown}
 u - a potion of might {unknown}


   Skills:
 + Level 3.7 Fighting
 + Level 5.9 Short Blades
 - Level 3.6 Slings
 - Level 1.6 Dodging
 - Level 1.6 Stealth


You had 5 spell levels left.
You didn't know any spells.
Your spell library contained the following spells:

 Spells                   Type           Power      Damage    Failure   Level
 Ensorcelled Hibernation  Hex/Ice        0%         N/A       67%         2
 Dazzling Flash           Conj/Hex       0%         N/A       88%         3
 Ozocubu's Armour         Ice            0%         N/A       88%         3
 Tukima's Dance           Hex            0%         N/A       88%         3
 Agony                    Necr           0%         N/A       100%        5
 Silence                  Hex/Air        0%         N/A       100%        5
 Ozocubu's Refrigeration  Ice            0%         4d5       100%        7


Dungeon Overview and Level Annotations

Branches:
Dungeon (4/15)
 Temple: D:4-7

Altars:
Elyvilon
Hepliaklqana
Kikubaaqudgha
Yredelemnul
Zin

Annotations:
D:4 2 transporters, Menkaure


Innate Abilities, Weirdness & Mutations

Your serpentine skin is tough. (AC +2)
You have supernaturally acute eyesight. (SInv)
Armour fits poorly on your strangely shaped body.
Your system is resistant to poisons. (rPois)
You cover ground very slowly.
You can spit poison.
You have a snake-like lower body.


Message History

You hit the water moccasin.
The water moccasin is lightly wounded.
The water moccasin bites you but does no damage.
The orc hits you with a +0 hand axe.
* * * LOW HITPOINT WARNING * * *
You barely miss the water moccasin.
The water moccasin is lightly wounded.
The water moccasin bites you.
* * * LOW HITPOINT WARNING * * *
The water moccasin bites you but does no damage.
The water moccasin bites you.
* * * LOW HITPOINT WARNING * * *
The orc closely misses you. The water moccasin bites you.
* * * LOW HITPOINT WARNING * * *
The water moccasin barely misses you. The water moccasin bites you.
* * * LOW HITPOINT WARNING * * *
The orc hits you but does no damage. The water moccasin bites you.
* * * LOW HITPOINT WARNING * * *
The water moccasin bites you.
* * * LOW HITPOINT WARNING * * *
The orc hits you with a +0 hand axe.
* * * LOW HITPOINT WARNING * * *
The water moccasin barely misses you. The orc hits you with a +0 short sword.
* * * LOW HITPOINT WARNING * * *
The orc barely misses you.
There is a stone staircase leading up here.
The water moccasin bites you.
* * * LOW HITPOINT WARNING * * *
You are lethally poisoned!
The water moccasin poisons you! The ball python barely misses you.
The orc barely misses you. The water moccasin bites you.
* * * LOW HITPOINT WARNING * * *
The orc hits you with a +0 hand axe.
* * * LOW HITPOINT WARNING * * *
You climb upwards.
You die...

#.# #.# #.#
#....#####.# # #.#
#.# #.# #.#### #.#
# #.# #.# #.# #.#
#.# ### ##.###.#
#.#####.# #.####..
#...##.####.......#
#......#
#.#......#######..#
#..#####
#...##............#
##..###.P
######.#.#######S##
#....#... #.....###
#@#########.......
#.##### #ooS...[#
##..##.. #.#
#######.####..####
#.# #...........
##.# #..###..####
...#### #..#
#..###. PP....#
#..# #......
P.###.# #..#
##.##.. ..#
#.############ #..#
#.##..


You could see a water moccasin, 2 orcs and a ball python.

Vanquished Creatures
  Sigmund (D:3)
  A hound (D:4)
  An orc priest (D:4)
  A centaur skeleton (D:4)
  Natasha (thrice) (D:3)
  A scorpion zombie (D:3)
  A howler monkey skeleton (D:3)
  2 adders
  A gnoll (D:1)
  An adder skeleton (D:3)
  A dart slug (D:2)
  3 endoplasms
  3 giant cockroaches (D:1)
  3 goblins
  A hobgoblin (D:1)
  4 jackals (D:1)
  2 quokkas
  8 ball pythons
  A ball python zombie (D:3)
  5 bats
  2 frilled lizards
  2 giant cockroach zombies (D:3)
  6 kobolds
  2 quokka skeletons (D:3)
  4 rats (D:2)
60 creatures vanquished.

Notes
Turn   | Place    | Note
-------+----------+-------------------------------------------
     0 | D:1      | Strat the Naga Hunter began the quest for the Orb.
     0 | D:1      | Reached XP level 1. HP: 19/19 MP: 1/1
   264 | D:1      | Reached skill level 1 in Short Blades
   452 | D:1      | Reached XP level 2. HP: 25/26 MP: 2/2
   537 | D:1      | Reached skill level 2 in Short Blades
   688 | D:1      | Reached XP level 3. HP: 30/32 MP: 3/3
   838 | D:1      | Found a faded altar of an unknown god.
  1424 | D:2      | Reached skill level 3 in Short Blades
  1693 | D:2      | Found a white marble altar of Elyvilon.
  1847 | D:2      | Reached XP level 4. HP: 38/39 MP: 4/4
  2406 | D:3      | Reached skill level 4 in Short Blades
  2616 | D:3      | Noticed Natasha
  2633 | D:3      | Killed Natasha
  2634 | D:3      | Reached XP level 5. HP: 22/45 MP: 5/5
  2893 | D:3      | Noticed Natasha
  2923 | D:3      | Killed Natasha
  3002 | D:3      | Found a hazy altar of Hepliaklqana.
  3247 | D:3      | Noticed Natasha
  3253 | D:3      | Killed Natasha
  3254 | D:3      | Reached skill level 5 in Short Blades
  3306 | D:3      | Found a glowing silver altar of Zin.
  3357 | D:4      | Found a transporter.
  3357 | D:4      | Found a transporter.
  3385 | D:4      | Reached XP level 6. HP: 48/55 MP: 6/6
  3420 | D:4      | Noticed Sigmund
  3455 | D:4      | Noticed a water moccasin
  3481 | D:3      | Killed Sigmund
  3731 | D:4      | Found a basalt altar of Yredelemnul.
  3735 | D:4      | Noticed Menkaure
  3745 | D:4      | Found an ancient bone altar of Kikubaaqudgha.
  3793 | D:3      | Succumbed to a water moccasin's poison

Illustrated notes

Levels and vault maps discovered:
D:1:      minmay_arrival_solitary_statue, layout_basic,
          hellmonk_ecumenical_altar_crossroads, st_stairs_11
D:2:      layout_basic, basic_altar
D:3:      layout_loops_ring, nicolae_overflow_hidden_temple, old_standard_altar,
          serial_undead, serial_undead_e, serial_undead_b, serial_undead_b,
          serial_undead_d, uniq_natasha
D:4:      layout_rooms, gammafunk_temple_of_torment,
          nicolae_qazlal_scattered_showers, biasface_ghost_orc_armoury,
          uniq_duvessa, uniq_sigmund

Skill      XL: |  1  2  3  4  5  6 |
---------------+-------------------+-----
Short Blades   | 1 2 3 4 5 |  5.9
Fighting       | 3 |  3.7
Slings         | |  3.6
Dodging        | |  1.6
Stealth        | |  1.6

Action                   |  1- 3 |  4- 6 || total
-------------------------+-------+-------++-------
Melee: Short sword       |    66 |       ||    66
       Dagger            |    32 |   151 ||   183
 Fire: Hunting sling     |    47 |     5 ||    52
 Abil: Spit Poison       |       |     2 ||     2
Armor: Leather armour    |     8 |       ||     8
       Ring mail         |    46 |    69 ||   115
Dodge: Dodged            |    51 |    59 ||   110

Table legend: (Time is in decaauts)
 A = Elapsed time spent in this place.
 B = Non-inter-level travel time spent in this place.
 C = Inter-level travel time spent in this place.
 D = Time resting spent in this place.
 E = Time spent auto-exploring this place.
 F = Levels seen in this place.
 G = Mean time per level.
                   A        B        C        D        E       F      G
               +--------+--------+--------+--------+--------+-----+--------+
         Total |   4542 |   4338 |    204 |    546 |   2987 |   4 | 1135.5 |
       Dungeon |   4542 |   4338 |    204 |    546 |   2987 |   4 | 1135.5 |
               +--------+--------+--------+--------+--------+-----+--------+

Top non-repeatable levels by time:
     D:3: 1867 daAuts
     D:1: 1419 daAuts
     D:2: 1078 daAuts
     D:4: 177 daAuts
